 Dungeon Crawl Stone Soup version 0.23-a0-586-gacb4b3f (webtiles) character file.

194 CasualChangeling the Conjurer (level 5, -5/42 HPs)
             Began as a Draconian Conjurer on Oct 16, 2018.
             Was an Initiate of Vehumet.
             Killed from afar by an orc wizard (6 damage)
             ... with a magic dart
             ... on level 3 of the Dungeon on Dec 20, 2018.
             The game lasted 00:13:01 (2699 turns).

CasualChangeling the Conjurer (Draconian Conjurer)  Turns: 2699, Time: 00:13:03

Health: -5/42      AC:  8    Str: 15    XL:     5   Next: 44%
Magic:  4/9        EV: 13    Int: 17    God:    Vehumet [......]
Gold:   144        SH:  0    Dex: 11    Spells: 7/10 levels left

rFire    . . .     SeeInvis .   a - +2 dagger (speed)
rCold    . . .     Gourm    .   (no shield)
rNeg     . . .     Faith    .   (armour unavailable)
rPois    +         Spirit   .   (helmet restricted)
rElec    .         Reflect  .   Y - +0 cloak
rCorr    .         Harm     .   X - +0 pair of gloves
MR       .....                  Z - +0 pair of boots
Stlth    ++........             (no amulet)
HPRegen  0.14/turn              m - ring of poison resistance
MPRegen  0.11/turn              (no ring)

@: mighty
A: unfitting armour, cold-blooded, AC +5
a: Renounce Religion


You were on level 3 of the Dungeon.
You worshipped Vehumet.
Vehumet was noncommittal.
You were not hungry.

You visited 1 branch of the dungeon, and saw 3 of its levels.

You collected 144 gold pieces.

Inventory:

Hand Weapons
 a - a +2 dagger of speed (weapon)
Armour
 X - a +0 pair of gloves (worn)
 Y - a +0 cloak (worn)
 Z - a +0 pair of boots (worn)
Jewellery
 m - a ring of poison resistance (left hand)
 r - an uncursed ring of ice {unknown}
Wands
 n - a wand of digging (6)
Scrolls
 c - 2 scrolls of identify {unknown}
 d - 3 scrolls of teleportation {unknown}
 e - 3 scrolls of immolation {unknown}
 g - a scroll of fog {unknown}
 i - 4 scrolls of enchant armour {unknown}
 p - a scroll of remove curse {unknown}
Potions
 f - a potion of magic {unknown}
 h - a potion of brilliance {unknown}
 j - a potion of curing {unknown}
 k - a potion of heal wounds {unknown}
 l - 2 potions of might
 q - 2 potions of invisibility {unknown}
Comestibles
 b - 5 rations
 o - 5 chunks of flesh


   Skills:
 + Level 2.5 Fighting
 + Level 3.0 Dodging
 - Level 1.8 Stealth
 + Level 3.1 Spellcasting
 + Level 4.7 Conjurations


You had 7 spell levels left.
You knew the following spells:

 Your Spells              Type           Power        Failure   Level  Hunger
a - Magic Dart            Conj           ###.         2%          1    None
b - Searing Ray           Conj           ###...       3%          2    ##.....

Your spell library contained the following spells:

 Spells                   Type           Power        Failure   Level  Hunger
 Dazzling Spray           Conj/Hex       ##....       19%         3    ###....
 Iskenderun's Mystic Bla  Conj           ###.....     24%         4    ####...
 Force Lance              Conj/Tloc      ##......     54%         4    ####...
 Fulminant Prism          Conj/Hex       ##........   54%         4    ####...


Dungeon Overview and Level Annotations

Branches:
Dungeon (3/15)

Altars:
Ashenzari
Cheibriados
Hepliaklqana
Sif Muna
Uskayaw
Vehumet


Innate Abilities, Weirdness & Mutations

Your plain brown scales are hard. (AC +5)
You cannot fit into any form of body armour.
You are cold-blooded and may be slowed by cold attacks.


Message History

* * * LOW HITPOINT WARNING * * *
The orc hits you but does no damage.
The orc wizard hits you but does no damage.
It was a potion of might.
You feel very mighty all of a sudden.
The orc wizard hits you but does no damage.
The orc priest begins to cast a cantrip, but forgets the words!
The orc closely misses you.
Casting: Magic Dart (safe; 2% risk of failure)
Confirm with . or Enter, or press ? or * to list all spells.
Aiming: Magic Dart (safe; 2% risk of failure)
Press: ? - help, Shift-Dir - straight line, f/p - orc wizard
Aim: an orc wizard, wielding a +0 dagger and wearing a cursed +0 robe (heavily The magic dart hits the orc wizard.
The orc wizard is severely wounded.
The orc wizard hits you but does no damage.
The orc misses you.
The orc wizard gestures at you while chanting.
The magic dart hits you!
You die...

#.#..#.....#...#.....#..#.......
#.#'##....÷'...'.....####.......
###..#.....#...#.....#..#....###
#.÷'.....#...#.....'..#....###
####'#####...#####'####.......
#..#..#...#.÷#..##o.o......
#.÷#..'...'..#..#.###).....
#############...#######.###......
..>.......[.....@oo.....'.+..g...
...........######o..o...###......
...........# ##......# #....o.
...........######.......#####....
.................................
.............#...................
.............#.......).........##
.............#.....##..........
###........######..##........


You could see an orc priest, an orc wizard and 2 orcs.

Vanquished Creatures
  Crazy Yiuf (D:2)
  9 adders
  2 gnolls (D:3)
  An ooze (D:2)
  3 dart slugs (D:2)
  2 leopard geckos
  2 orcs (D:3)
  5 ball pythons (D:3)
  6 bats
  3 giant cockroaches
  4 goblins
  4 hobgoblins
  3 jackals (D:1)
  2 kobolds
  6 frilled lizards
  7 rats
60 creatures vanquished.

Notes
Turn   | Place    | Note
-------+----------+-------------------------------------------
     0 | D:1      | CasualChangeling the Draconian Conjurer began the quest for
                  | the Orb.
     0 | D:1      | Reached XP level 1. HP: 14/14 MP: 3/3
     0 | D:1      | Upgraded the game from 0.23-a0-329-g6f3f904 to
                  | 0.23-a0-586-gacb4b3f
   609 | D:1      | Reached XP level 2. HP: 22/22 MP: 1/5
  1012 | D:2      | Reached skill level 1 in Fighting
  1091 | D:2      | Reached XP level 3. HP: 27/28 MP: 2/6
  1283 | D:2      | Found a runed door.
  1804 | D:2      | Learned a level 2 spell: Searing Ray
  1804 | D:2      | Noticed Crazy Yiuf
  1810 | D:2      | Killed Crazy Yiuf
  1810 | D:2      | Reached XP level 4. HP: 36/36 MP: 0/8
  2004 | D:3      | Found a hazy altar of Hepliaklqana.
  2067 | D:3      | Found a faded altar of an unknown god.
  2189 | D:3      | Found a radiant altar of Vehumet.
  2196 | D:3      | Found a deep blue altar of Sif Muna.
  2196 | D:3      | Found a hide-covered altar of Uskayaw.
  2207 | D:3      | Found a snail-covered altar of Cheibriados.
  2211 | D:3      | Found a shattered altar of Ashenzari.
  2229 | D:3      | Became a worshipper of Vehumet
  2406 | D:3      | Reached XP level 5. HP: 29/41 MP: 4/9
  2697 | D:3      | HP: 1/42 [orc priest/divine providence (11)]
  2699 | D:3      | Killed from afar by an orc wizard

Vault maps used:
D:1:      psy_arrival_dodecagon, st_stairs_13
D:2:      hangedman_feature_mirror, uniq_crazy_yiuf_cottage
D:3:      minmay_overflow_temple_star_hex, lemuel_coloured_pillars_altar,
          chequers_ecumenical_altar_island, minmay_snake_closets

Skill      XL: |  1  2  3  4  5 |
---------------+----------------+-----
Dodging        | 2 3 |  3.0
Fighting       | 1 2 |  2.5
Spellcasting   | 3 |  3.1
Stealth        | |  1.8
Conjurations   | |  4.7

Action                   |  1- 3 |  4- 6 || total
-------------------------+-------+-------++-------
Melee: Dagger            |    40 |    61 ||   101
       Tailslap          |     3 |     6 ||     9
 Cast: Magic Dart        |    58 |    44 ||   102
       Searing Ray       |     1 |       ||     1
  Use: Potion            |       |     1 ||     1
 Stab: Sleeping          |     1 |     2 ||     3
  Eat: Chunk             |     3 |     3 ||     6
Armor: Skin              |    19 |    27 ||    46
Dodge: Dodged            |    23 |    32 ||    55

Table legend:
 A = Non-vault XP
 B = Vault XP
 C = Vault XP percentage of total XP
 D = Non-vault monster count
 E = Vault monster count
 F = Vault count percentage of total count
                 A         B        C        D         E       F
            +---------+---------+-------+---------+---------+-------
      Total |     136 |     142 |  51.1 |      46 |      14 |  23.3
            +---------+---------+-------+---------+---------+-------
        D:1 |      21 |       1 |   4.5 |      12 |       1 |   7.7
        D:2 |      68 |      41 |  37.6 |      22 |       1 |   4.3
        D:3 |      47 |     100 |  68.0 |      12 |      12 |  50.0
            +---------+---------+-------+---------+---------+-------
